General information
- name: BNet
- type: Ladder team game (AT/RT)
- host: Battle.net
- saver: GordonCampbell
map: Battleground
- players: 8
- length: 65:13
- speed: Fast
- version: 1.26 W3XP
- replay type: Public
» download(273 KB)
Players
team 1 (winner)
noob.huh (
yellow | 20 APM | 1300 actions | 64:13)
8 Archmage
3 Summon Water Elemental
3 Brilliance Aura
1 Mass Teleport
1 Blizzard
» actions
| Build / train | 151 | |
| Enter build submenu | 31 | |
| Enter hero's abilities submenu | 10 | |
| Remove unit from queue | 7 | |
| Right click | 444 | |
| Select / deselect | 564 | |
| Use ability | 93 | |
1300 total
» units
| Peasant | 29 | |
| Footman | 2 | |
| Rifleman | 55 | |
| Mortar Team | 16 | |
| Demolisher | 2 | |
| Spirit Walker | 4 | |
| Troll Headhunter/Berserker | 6 | |
| Troll Witch Doctor | 8 | |
122 total
» upgrades
| Gunpowder | 2 | |
| Armor | 2 | |
| Long Rifles | 1 | |
| Lumber Harvesting | 1 | |
| Defend | 0 | |
6 total
» buildings
| Altar of Kings | 1 | |
| Farm | 12 | |
| Barracks | 2 | |
| Blacksmith | 1 | |
| Lumber Mill | 2 | |
| Keep | 1 | |
| Scout Tower | 5 | |
| Guard Tower | 5 | |
| Workshop | 1 | |
| Town Hall | 4 | |
34 total
» build order
00:15 Altar of Kings
00:20 Farm
01:01 Farm
01:09 Barracks
02:01 Blacksmith
02:09 Barracks
02:14 Farm
02:59 Farm
03:40 Farm
04:52 Farm
04:57 Lumber Mill
05:36 Farm
06:04 Keep
07:13 Farm
07:20 Scout Tower
07:24 Scout Tower
07:51 Guard Tower
07:54 Scout Tower
07:55 Guard Tower
07:58 Scout Tower
09:17 Guard Tower
09:18 Guard Tower
09:25 Workshop
09:32 Farm
12:18 Farm
18:09 Farm
18:19 Scout Tower
18:51 Guard Tower
20:47 Farm
23:17 Town Hall
30:04 Town Hall
30:11 Town Hall
35:09 Town Hall
46:48 Lumber Mill
» items
rod-got-nice- (
blue | 51 APM | 3353 actions | 65:13)
8 Archmage
3 Summon Water Elemental
3 Brilliance Aura
1 Mass Teleport
1 Blizzard
1 Shadow Hunter
1 Healing Wave
» actions
| Assign group hotkey | 59 | |
| Basic commands | 111 | |
| Build / train | 114 | |
| Enter build submenu | 37 | |
| Enter hero's abilities submenu | 9 | |
| Give item / drop item | 6 | |
| Right click | 1212 | |
| Select / deselect | 466 | |
| Select group hotkey | 1133 | |
| Use ability | 206 | |
3353 total
» units
| Peasant | 22 | |
| Footman | 7 | |
| Gryphon Rider | 9 | |
38 total
» upgrades
| Lumber Harvesting | 2 | |
| Masonry | 3 | |
| Swords | 3 | |
| Animal War Training | 1 | |
| Armor | 3 | |
| Storm Hammers | 1 | |
| Reinforced Defenses | 1 | |
| Backpack | 1 | |
| Magic Sentry | 1 | |
| Priest Training | 2 | |
| Sorceress Training | 2 | |
| Control Magic | 1 | |
| Cloud | 1 | |
22 total
» buildings
| Altar of Kings | 1 | |
| Barracks | 1 | |
| Farm | 15 | |
| Scout Tower | 49 | |
| Arcane Tower | 2 | |
| Keep | 3 | |
| Arcane Vault | 1 | |
| Lumber Mill | 1 | |
| Blacksmith | 1 | |
| Castle | 1 | |
| Gryphon Aviary | 3 | |
| Town Hall | 5 | |
| Guard Tower | 16 | |
| Watch Tower | 10 | |
| Arcane Sanctum | 1 | |
| Workshop | 1 | |
| Cannon Tower | 6 | |
117 total
» build order
00:14 Altar of Kings
00:23 Barracks
00:37 Farm
00:54 Farm
01:36 Scout Tower
01:40 Farm
02:12 Arcane Tower
03:29 Keep
03:29 Keep
03:30 Keep
03:46 Arcane Vault
03:59 Lumber Mill
04:05 Farm
04:41 Blacksmith
05:07 Farm
05:07 Farm
05:08 Farm
05:08 Farm
05:09 Farm
06:03 Castle
06:24 Gryphon Aviary
06:56 Gryphon Aviary
07:57 Town Hall
07:59 Scout Tower
08:00 Scout Tower
08:22 Town Hall
08:24 Scout Tower
08:24 Scout Tower
08:40 Scout Tower
08:43 Scout Tower
09:09 Guard Tower
09:10 Guard Tower
09:10 Guard Tower
09:36 Guard Tower
09:36 Guard Tower
10:13 Guard Tower
10:22 Farm
10:22 Farm
10:23 Farm
10:41 Scout Tower
10:41 Scout Tower
12:07 Guard Tower
12:07 Guard Tower
13:19 Gryphon Aviary
15:13 Town Hall
16:40 Scout Tower
16:41 Scout Tower
16:41 Scout Tower
16:41 Scout Tower
16:42 Scout Tower
16:43 Scout Tower
16:43 Scout Tower
16:44 Scout Tower
16:45 Scout Tower
17:03 Scout Tower
17:04 Scout Tower
17:04 Scout Tower
17:04 Scout Tower
17:05 Scout Tower
17:28 Watch Tower
17:28 Watch Tower
17:29 Watch Tower
17:29 Watch Tower
17:30 Watch Tower
17:30 Watch Tower
17:32 Watch Tower
17:33 Watch Tower
17:33 Watch Tower
17:52 Guard Tower
17:52 Guard Tower
17:58 Guard Tower
18:12 Guard Tower
19:04 Guard Tower
23:28 Scout Tower
23:28 Scout Tower
23:29 Scout Tower
23:29 Scout Tower
23:29 Scout Tower
23:30 Scout Tower
23:30 Scout Tower
23:32 Scout Tower
23:33 Scout Tower
26:31 Town Hall
26:33 Scout Tower
26:33 Scout Tower
26:33 Scout Tower
27:52 Guard Tower
29:59 Town Hall
30:01 Scout Tower
30:01 Scout Tower
30:02 Scout Tower
30:28 Arcane Tower
30:32 Arcane Sanctum
31:05 Guard Tower
58:19 Workshop
59:01 Scout Tower
59:04 Scout Tower
59:05 Scout Tower
59:06 Scout Tower
59:09 Scout Tower
59:10 Scout Tower
59:12 Scout Tower
59:50 Cannon Tower
59:50 Cannon Tower
60:01 Cannon Tower
61:12 Cannon Tower
61:12 Cannon Tower
61:19 Scout Tower
62:09 Cannon Tower
65:12 Farm
65:12 Farm
65:13 Farm
» items
| Scroll of Regeneration | 4 | |
| Staff of Teleportation | 1 | |
| Lesser Clarity Potion | 1 | |
| Healing Salve | 1 | |
| Potion of Lesser Invulnerability | 1 | |
| Scroll of Town Portal | 2 | |
| Potion of Healing | 1 | |
| Mechanical Critter | 2 | |
13 total

»
VoltronKills (
pink | 63 APM | 995 actions | 15:50)
2 Shadow Hunter
1 Serpent Ward
1 Healing Wave
1 Blademaster
1 Mirror Image
» actions
| Assign group hotkey | 31 | |
| Basic commands | 57 | |
| Build / train | 40 | |
| Enter build submenu | 23 | |
| Enter hero's abilities submenu | 3 | |
| Give item / drop item | 5 | |
| Remove unit from queue | 1 | |
| Right click | 394 | |
| Select / deselect | 251 | |
| Select group hotkey | 128 | |
| Use ability | 62 | |
995 total
» units
» upgrades
| Melee Weapons | 2 | |
| Armor | 2 | |
| Berserker Strength | 1 | |
| Pillage | 1 | |
| Shaman Training | 1 | |
| Witch Doctor Training | 1 | |
8 total
» buildings
| Altar of Storms | 1 | |
| Orc Burrow | 5 | |
| War Mill | 1 | |
| Barracks | 2 | |
| Voodoo Lounge | 1 | |
| Watch Tower | 5 | |
| Stronghold | 1 | |
| Fortress | 1 | |
| Spirit Lodge | 2 | |
19 total
» build order
00:04 Altar of Storms
00:10 Orc Burrow
01:42 Orc Burrow
01:47 War Mill
02:14 Barracks
02:24 Barracks
03:07 Orc Burrow
05:07 Voodoo Lounge
05:59 Watch Tower
06:01 Watch Tower
06:54 Stronghold
07:42 Orc Burrow
07:46 Watch Tower
09:24 Orc Burrow
11:10 Fortress
11:36 Watch Tower
12:54 Spirit Lodge
13:22 Watch Tower
14:36 Spirit Lodge
» items
| Boots of Speed | 1 | |
| Scroll of Town Portal | 1 | |
2 total
deaths_kill (
red | 36 APM | 562 actions | 15:44)
3 Mountain King
1 Thunder Clap
1 Bash
1 Storm Bolt
» actions
| Assign group hotkey | 8 | |
| Basic commands | 6 | |
| Build / train | 33 | |
| Enter build submenu | 16 | |
| Enter hero's abilities submenu | 3 | |
| Give item / drop item | 1 | |
| Right click | 187 | |
| Select / deselect | 126 | |
| Select group hotkey | 153 | |
| Use ability | 29 | |
562 total
» units
» upgrades
| Gunpowder | 2 | |
| Armor | 2 | |
| Long Rifles | 1 | |
| Lumber Harvesting | 1 | |
| Masonry | 1 | |
7 total
» buildings
| Scout Tower | 1 | |
| Farm | 9 | |
| Altar of Kings | 1 | |
| Lumber Mill | 1 | |
| Arcane Tower | 1 | |
| Blacksmith | 1 | |
| Barracks | 2 | |
| Keep | 1 | |
| Town Hall | 1 | |
| Castle | 1 | |
19 total
» build order
00:16 Scout Tower
00:19 Farm
00:34 Altar of Kings
00:48 Lumber Mill
00:50 Arcane Tower
01:25 Farm
02:09 Farm
02:14 Blacksmith
02:40 Barracks
02:53 Farm
03:06 Barracks
03:36 Farm
04:39 Farm
05:27 Farm
05:53 Keep
06:56 Farm
07:43 Farm
09:03 Town Hall
12:46 Castle
team 2 (loser)

»
superlotto (
orange | 47 APM | 1221 actions | 25:53)
4 Lich
2 Frost Nova
2 Dark Ritual
3 Death Knight
1 Death Coil
1 Death Pact
1 Unholy Aura
» actions
| Assign group hotkey | 40 | |
| Build / train | 53 | |
| Enter build submenu | 23 | |
| Enter hero's abilities submenu | 8 | |
| Right click | 324 | |
| Select / deselect | 210 | |
| Select group hotkey | 498 | |
| Use ability | 65 | |
1221 total
» units
| Acolyte | 4 | |
| Ghoul | 8 | |
| Crypt Fiend | 11 | |
| Obsidian Statue | 2 | |
| Frost Wyrm | 2 | |
| Meatwagon | 2 | |
29 total
» upgrades
| Creature Carapace | 2 | |
| Web | 1 | |
| Creature Attack | 1 | |
| Freezing Breath | 1 | |
5 total
» buildings
| Ziggurat | 7 | |
| Altar of Darkness | 1 | |
| Crypt | 1 | |
| Graveyard | 1 | |
| Nerubian Tower | 1 | |
| Tomb of Relics | 1 | |
| Spirit Tower | 3 | |
| Halls of the Dead | 1 | |
| Black Citadel | 1 | |
| Sacrificial Pit | 1 | |
| Slaughterhouse | 1 | |
| Boneyard | 2 | |
21 total
» build order
00:11 Ziggurat
00:14 Altar of Darkness
00:57 Crypt
01:10 Graveyard
01:28 Nerubian Tower
01:31 Ziggurat
01:46 Tomb of Relics
02:49 Spirit Tower
07:39 Ziggurat
07:44 Ziggurat
08:37 Halls of the Dead
09:07 Spirit Tower
09:09 Spirit Tower
11:54 Black Citadel
11:59 Sacrificial Pit
12:17 Slaughterhouse
14:42 Boneyard
16:13 Ziggurat
16:26 Boneyard
17:23 Ziggurat
18:23 Ziggurat
» items
| Rod of Necromancy | 3 | |
| Potion of Lesser Invulnerability | 1 | |
4 total
GordonCampbell (
green | 77 APM | 5034 actions | 65:13)
9 Paladin
3 Holy Light
3 Divine Shield
3 Devotion Aura
10 Goblin Alchemist
3 Chemical Rage
3 Acid Bomb
1 Transmute
3 Healing Spray
» actions
| Assign group hotkey | 48 | |
| Basic commands | 255 | |
| Build / train | 138 | |
| ESC pressed | 2 | |
| Enter build submenu | 54 | |
| Enter hero's abilities submenu | 19 | |
| Give item / drop item | 17 | |
| Right click | 1845 | |
| Select / deselect | 813 | |
| Select group hotkey | 1655 | |
| Use ability | 187 | |
5034 total
» units
| Peasant | 14 | |
| Footman | 7 | |
| Gryphon Rider | 12 | |
| Dragonhawk Rider | 5 | |
38 total
» upgrades
| Defend | 1 | |
| Masonry | 3 | |
| Swords | 3 | |
| Armor | 3 | |
| Animal War Training | 1 | |
| Storm Hammers | 1 | |
| Magic Sentry | 1 | |
| Lumber Harvesting | 2 | |
| Cloud | 1 | |
| Spiked Barricades | 1 | |
| Long Rifles | 1 | |
| Plating | 3 | |
| Gunpowder | 3 | |
| Sorceress Training | 2 | |
| Priest Training | 2 | |
| Control Magic | 1 | |
| Barrage | 1 | |
| Flare | 1 | |
| Fragmentation Shards | 1 | |
| Flak Cannons | 1 | |
| Flying Machine Bombs | 1 | |
| Backpack | 1 | |
35 total
» buildings
| Altar of Kings | 1 | |
| Farm | 13 | |
| Barracks | 1 | |
| Scout Tower | 21 | |
| Arcane Vault | 1 | |
| Arcane Tower | 3 | |
| Lumber Mill | 1 | |
| Blacksmith | 1 | |
| Keep | 1 | |
| Castle | 1 | |
| Gryphon Aviary | 2 | |
| Town Hall | 5 | |
| Guard Tower | 4 | |
| Arcane Sanctum | 1 | |
| Workshop | 3 | |
| Cannon Tower | 6 | |
65 total
» build order
00:03 Altar of Kings
00:07 Farm
00:41 Farm
01:13 Barracks
01:31 Farm
02:01 Scout Tower
02:19 Arcane Vault
02:27 Arcane Tower
03:01 Farm
03:52 Farm
04:06 Lumber Mill
04:28 Blacksmith
04:50 Keep
06:15 Farm
07:22 Castle
08:07 Gryphon Aviary
08:11 Gryphon Aviary
12:24 Town Hall
12:27 Scout Tower
12:28 Scout Tower
12:30 Scout Tower
12:32 Scout Tower
12:37 Farm
12:57 Guard Tower
13:07 Farm
13:16 Scout Tower
13:17 Guard Tower
13:53 Guard Tower
14:13 Arcane Sanctum
14:42 Scout Tower
14:45 Scout Tower
15:30 Arcane Tower
15:50 Arcane Tower
16:06 Farm
16:07 Farm
16:13 Farm
23:33 Town Hall
26:33 Scout Tower
26:33 Scout Tower
26:34 Scout Tower
31:48 Guard Tower
32:52 Farm
32:53 Farm
34:39 Workshop
36:21 Town Hall
40:05 Town Hall
48:46 Town Hall
52:19 Scout Tower
52:21 Scout Tower
52:55 Cannon Tower
53:26 Cannon Tower
53:55 Scout Tower
53:56 Scout Tower
54:03 Scout Tower
54:05 Scout Tower
54:06 Scout Tower
54:28 Cannon Tower
54:36 Cannon Tower
58:30 Scout Tower
58:37 Workshop
58:40 Workshop
58:55 Cannon Tower
59:32 Scout Tower
60:12 Cannon Tower
62:58 Scout Tower
» items
| Boots of Speed | 1 | |
| Lesser Clarity Potion | 4 | |
| Mechanical Critter | 1 | |
| Scroll of Regeneration | 5 | |
| Orb of Fire | 2 | |
| Staff of Teleportation | 2 | |
| Scroll of Town Portal | 4 | |
| Orb of Corruption | 1 | |
| Orb of Lightning | 1 | |
| Potion of Lesser Invulnerability | 3 | |
| Periapt of Vitality | 2 | |
| Circlet of Nobility | 2 | |
28 total
KMITL (
teal | 28 APM | 775 actions | 27:59)
8 Tauren Chieftain
3 War Stomp
3 Endurance Aura
1 Reincarnation
1 Shockwave
» actions
| Basic commands | 5 | |
| Build / train | 58 | |
| Enter build submenu | 20 | |
| Enter hero's abilities submenu | 9 | |
| Give item / drop item | 1 | |
| Right click | 380 | |
| Select / deselect | 238 | |
| Use ability | 64 | |
775 total
» units
| Peon | 8 | |
| Grunt | 5 | |
| Shaman | 5 | |
| Troll Witch Doctor | 3 | |
| Tauren | 4 | |
25 total
» upgrades
| Melee Weapons | 2 | |
| Armor | 1 | |
| Berserker Strength | 1 | |
| Shaman Training | 2 | |
| Witch Doctor Training | 2 | |
| Pulverize | 1 | |
9 total
» buildings
| Altar of Storms | 1 | |
| Orc Burrow | 10 | |
| Barracks | 2 | |
| Voodoo Lounge | 1 | |
| Stronghold | 1 | |
| War Mill | 1 | |
| Fortress | 1 | |
| Spirit Lodge | 2 | |
| Tauren Totem | 2 | |
| Great Hall | 1 | |
22 total
» build order
00:14 Altar of Storms
00:16 Orc Burrow
01:05 Barracks
01:16 Barracks
01:25 Orc Burrow
01:58 Voodoo Lounge
02:33 Orc Burrow
03:41 Stronghold
04:10 War Mill
06:46 Fortress
06:49 Spirit Lodge
06:51 Spirit Lodge
08:25 Orc Burrow
10:31 Tauren Totem
10:34 Tauren Totem
10:39 Orc Burrow
14:24 Orc Burrow
17:01 Orc Burrow
19:26 Great Hall
24:56 Orc Burrow
25:07 Orc Burrow
26:40 Orc Burrow
» items
| Healing Salve | 3 | |
| Lesser Clarity Potion | 3 | |
| Potion of Healing | 1 | |
| Potion of Mana | 1 | |
| Scroll of Town Portal | 2 | |
| Staff of Teleportation | 2 | |
| Potion of Lesser Invulnerability | 1 | |
13 total
DuMaThuaHoai (
purple | 9 APM | 611 actions | 65:13)
4 Tauren Chieftain
2 Shockwave
2 War Stomp
» actions
| Assign group hotkey | 1 | |
| Basic commands | 1 | |
| Build / train | 59 | |
| Enter build submenu | 25 | |
| Enter hero's abilities submenu | 4 | |
| Remove unit from queue | 1 | |
| Right click | 265 | |
| Select / deselect | 167 | |
| Select group hotkey | 57 | |
| Use ability | 31 | |
611 total
» units
| Peon | 16 | |
| Troll Headhunter/Berserker | 17 | |
| Demolisher | 5 | |
38 total
» upgrades
| Spiked Barricades | 3 | |
| Ranged Weapons | 3 | |
| Armor | 3 | |
| Berserker Upgrade | 1 | |
| Burning Oil | 1 | |
| Reinforced Defenses | 1 | |
12 total
» buildings
| Orc Burrow | 9 | |
| Altar of Storms | 1 | |
| War Mill | 2 | |
| Watch Tower | 6 | |
| Barracks | 2 | |
| Stronghold | 1 | |
| Fortress | 1 | |
| Voodoo Lounge | 1 | |
| Great Hall | 1 | |
24 total
» build order
00:31 Orc Burrow
00:39 Altar of Storms
01:04 War Mill
01:29 Orc Burrow
02:28 Watch Tower
02:46 Watch Tower
03:28 Barracks
03:39 Stronghold
03:49 Watch Tower
04:04 Watch Tower
05:02 Barracks
06:05 Fortress
06:13 Voodoo Lounge
06:44 Orc Burrow
06:51 Orc Burrow
07:52 Orc Burrow
10:28 War Mill
10:37 Orc Burrow
12:42 Orc Burrow
13:43 Orc Burrow
15:45 Great Hall
17:31 Orc Burrow
17:40 Watch Tower
17:46 Watch Tower
» items
Chat log
(00:51 / All) rod-got-nice-: america #1
(00:54 / All) VoltronKills: NO
(01:04 / All) VoltronKills: soon we will just be 1 big team anyways
(01:07 / All) GordonCampbell: you are on the american server speak american
(01:28 / All) VoltronKills: flouride in the water
(01:31 / All) VoltronKills: chems in the sky
(01:36 / All) VoltronKills: crap in the mind
(01:53 / All) VoltronKills: UPSIDE DOWN WORLD
(12:45 / Allies) GordonCampbell: tp
(15:53 / All) rod-got-nice-: wow
(15:58 / All) GordonCampbell: why are you fags leaving
(20:46 / Allies) DuMaThuaHoai: why the fuck you do that for green?
(20:53 / Allies) GordonCampbell: do what
(20:59 / Allies) DuMaThuaHoai: you fucker
(21:02 / Allies) GordonCampbell: what did i do
(22:02 / Allies) GordonCampbell: gj
(22:51 / Allies) KMITL: fun
(22:56 / Allies) GordonCampbell: how did u lose your hero
(23:16 / Allies) KMITL: he no pro
(23:25 / Allies) GordonCampbell: ur hero no pro?
(23:30 / Allies) GordonCampbell: go blademastery if u want pros
(23:55 / Allies) KMITL: he what we onemanshow
(24:04 / Allies) GordonCampbell: onemanshow manbearpig?
(24:21 / Allies) KMITL: u play 1v1
(24:26 / Allies) GordonCampbell: yes
(24:30 / Allies) KMITL: no 4v4 them
(24:54 / All) GordonCampbell: yes teal, please try to rebuild and make spirit walkers
(24:58 / All) GordonCampbell: sick choice vs gryphons
(25:50 / All) superlotto: gg
(25:55 / All) rod-got-nice-: why gg?
(25:59 / All) GordonCampbell: You can all leave now
(27:47 / All) rod-got-nice-: green u suck
(27:49 / All) rod-got-nice-: ill rape u
(27:55 / All) GordonCampbell: yea mang
(28:13 / All) GordonCampbell: my side had no chat
(28:18 / All) GordonCampbell: i played terrible this game
(28:21 / Allies) GordonCampbell: it was still easy
(28:31 / All) rod-got-nice-: teal got my hero
(29:11 / Allies) GordonCampbell: purp remake your hall
(29:14 / Allies) GordonCampbell: you have my permission'
(29:17 / Allies) GordonCampbell: i shall not kill it
(29:39 / Allies) DuMaThuaHoai: kill your mama
(29:44 / Allies) DuMaThuaHoai: i am eating you fucker
(29:50 / All) GordonCampbell: kill your mama i am eating you fucker - purp
(29:53 / All) GordonCampbell: he sounds mad
(30:04 / All) rod-got-nice-: lawl
(30:10 / All) rod-got-nice-: yellow boycotted helping me once i didnt give him gold
(30:20 / All) GordonCampbell: purple still hasn't gotten his green creep camp
(31:10 / All) GordonCampbell: I gave you the opportunity purple
(31:16 / All) GordonCampbell: You refused it
(31:22 / Allies) DuMaThuaHoai: give your mama
(31:32 / All) GordonCampbell: give your mama - purp
(33:13 / All) rod-got-nice-: yea why didnt he
(34:29 / All) GordonCampbell: purple what do you think about your mother?
(36:45 / All) rod-got-nice-: lets kill green
(36:46 / All) rod-got-nice-: he sux
(39:37 / All) rod-got-nice-: i have no idea if yellow is joking ornot
(39:45 / All) GordonCampbell: what?
(39:58 / All) GordonCampbell: lordaeron players are retarded so probably not
(40:31 / All) rod-got-nice-: no we arent
(40:38 / All) rod-got-nice-: green is a dum noob
(40:42 / All) rod-got-nice-: lets get him
(41:14 / All) rod-got-nice-: mass tp to me
(41:15 / All) rod-got-nice-: yellow
(42:50 / All) rod-got-nice-: lets kill green
(42:51 / All) rod-got-nice-: yellow
(42:54 / All) rod-got-nice-: he is bad
(42:57 / All) rod-got-nice-: 30% reco
(43:00 / All) GordonCampbell: you scrubs will never ebat me
(45:34 / All) GordonCampbell: ask him, he will give you gold yellow
(45:40 / All) rod-got-nice-: i have been
(45:43 / All) rod-got-nice-: a shit ton
(47:43 / All) rod-got-nice-: run bitch
(48:25 / All) rod-got-nice-: mass tp
(48:26 / All) rod-got-nice-: yellow
(49:12 / All) GordonCampbell: that expo is mined out
(49:14 / All) GordonCampbell: hahahha noob
(49:19 / All) rod-got-nice-: green sucks
(51:30 / All) GordonCampbell: hahahaha hwad noboobobob
(51:33 / All) GordonCampbell: nobo
(52:49 / All) GordonCampbell: yellow you suck ass
(53:11 / All) rod-got-nice-: mass tp on the griff, yellow
(53:22 / All) GordonCampbell: lololo nobo u cant mtpa to griffi
(54:57 / All) GordonCampbell: fukking nobu ua abbooot to get ROCked
(55:51 / All) GordonCampbell: u aboot to get ROCKED noobie ahadhahahahuahuahauhau
(56:07 / All) GordonCampbell: hauhda7hau bnooob
(56:33 / All) GordonCampbell: nubscrub!!!11111111
(60:48 / All) rod-got-nice-: u suck green
(60:59 / All) GordonCampbell: Care for a cocktail?
(61:06 / All) GordonCampbell: Wanna blowa something up?
(61:38 / All) GordonCampbell: wtf
(61:39 / All) GordonCampbell: faggot
(62:14 / All) GordonCampbell: its not over yet
(62:18 / All) GordonCampbell: you have an equal chance of winning
(62:19 / All) GordonCampbell: dont leave
(63:28 / All) rod-got-nice-: hes gonna leave
(63:30 / All) GordonCampbell: i got 16k gold
(63:33 / All) GordonCampbell: explain it to him?
(63:34 / All) GordonCampbell: the rules
(63:37 / All) GordonCampbell: its not over yet
(63:39 / All) GordonCampbell: dont leave brah
(64:04 / All) rod-got-nice-: criss cross the towers
(64:06 / All) rod-got-nice-: shots
(64:26 / All) GordonCampbell: that fag left
(64:31 / All) GordonCampbell: should ahve explained standoffs to him
(64:44 / All) rod-got-nice-: he wouldn't stay
(64:46 / All) rod-got-nice-: trust me
(64:54 / All) rod-got-nice-: he kept threatening to leave if i didnt give him gold
(64:58 / All) rod-got-nice-: he had bad english
(65:06 / All) rod-got-nice-: purple loses
(65:09 / All) GordonCampbell: purp had bad english too, only one who talked here though
(65:12 / All) GordonCampbell: kk